 Dungeon Crawl Stone Soup version 0.29.1-2-gbd0b4ee654 (webtiles) character file.

Game seed: 358829940674484807

27580 croobank the Spry (level 13, -12/65 HPs)
             Began as a Felid Summoner on Oct 24, 2022.
             Was an Initiate of Gozag.
             Mangled by Mlioglotl (25 damage)
             ... on level 1 of the Spider Nest.
             The game lasted 02:41:41 (26879 turns).

croobank the Spry (Felid Summoner)                 Turns: 26879, Time: 02:41:42

Health: -12/65     AC:  3    Str:  4    XL:     13   Next: 5%
Magic:  13/38      EV: 29    Int: 27    God:    Gozag
Gold:   3450       SH:  0    Dex: 17    Spells: 8/35 levels left
                                        Lives:  0   Deaths: 4

rFire   . . .      SeeInvis +   (weapon unavailable)
rCold   + . .      Faith    .   (shield unavailable)
rNeg    . . .      Spirit   .   (body armour unavailable)
rPois   .          Reflect  .   (helmet unavailable)
rElec   .          Harm     .   (cloak unavailable)
rCorr   .          Rampage  .   (gloves unavailable)
Will    +....                   (boots unavailable)
Stlth   ++........              a - amulet of magic regeneration
HPRegen 0.20/turn               h - +6 ring of intelligence
MPRegen 0.66/turn               I - ring of magical power

@: lethally poisoned (-12 -> -27), invisible, quick
A: very small, claws 1, fangs 3, see invisible, speed 1, shaggy fur 3, stealthy
paws, no weapons or thrown items, no armour, multi-lived, horns 1, wild magic 1
a: Renounce Religion, Potion Petition, Call Merchant, Bribe Branch


You were on level 1 of the Spider Nest.
You worshipped Gozag.
Gozag was most pleased with you.
You visited 5 branches of the dungeon, and saw 19 of its levels.
You also visited: Ossuary.

You collected 6249 gold pieces.
You spent 978 gold pieces at shops.
You paid 1821 gold pieces to Gozag.

Inventory:

Jewellery
 a - an amulet of magic regeneration (around neck)
 d - a ring of flight
 f - an amulet of guardian spirit
 h - a +6 ring of intelligence (left paw)
 l - a ring of resist corrosion
 n - a ring of protection from cold
 t - an amulet of regeneration
 u - a +4 ring of slaying
 E - a ring of protection from fire
 I - a ring of magical power (right paw)
Wands
 g - a wand of polymorph (6)
 m - a wand of flame (32)
Scrolls
 j - 3 scrolls of brand weapon
 o - 2 scrolls of fog
 s - a scroll of magic mapping
 y - a scroll of teleportation
 z - a scroll of amnesia
 A - 3 scrolls of vulnerability
 D - 2 scrolls of fear
Potions
 b - a potion of haste
 c - 7 potions of curing
 e - 6 potions of flight
 i - 2 potions of resistance
 p - 8 potions of ambrosia
 q - 2 potions of lignification
 v - 6 potions of mutation
 B - 3 potions of attraction
 C - a potion of magic
Miscellaneous
 r - a phantom mirror (inert)


   Skills:
 + Level 12.3 Fighting
 + Level 16.0 Dodging
 - Level 2.7 Stealth
 + Level 11.6 Spellcasting
 - Level 5.0 Hexes
 - Level 12.5 Summonings
 + Level 1.1 Transmutations
 + Level 7.1 Air Magic


You had 8 spell levels left.
You knew the following spells:

 Your Spells              Type           Power      Damage    Failure   Level
a - Summon Small Mammal   Summ           100%       N/A       1%          1
b - Call Imp              Summ           83%        N/A       1%          2
c - Call Canine Familiar  Summ           83%        N/A       1%          3
d - Summon Guardian Gole  Hex/Summ       69%        N/A       1%          3
e - Summon Lightning Spi  Summ/Air       73%        N/A       1%          4
f - Summon Mana Viper     Hex/Summ       69%        N/A       4%          5
g - Summon Cactus Giant   Summ           41%        N/A       5%          6
h - Tukima's Dance        Hex            53%        N/A       2%          3

Your spell library contained the following spells:

 Spells                   Type           Power      Damage    Failure   Level
 Slow                     Hex            100%       N/A       1%          1
 Static Discharge         Conj/Air       45%        3-9/arc   2%          2
 Confusing Touch          Hex            53%        N/A       2%          3
 Ensorcelled Hibernation  Hex/Ice        76%        N/A       3%          2
 Summon Ice Beast         Ice/Summ       59%        N/A       4%          4
 Magic Dart               Conj           80%        1d7       6%          1
 Mephitic Cloud           Conj/Pois/Air  37%        N/A       7%          3
 Blink                    Tloc           40%        N/A       9%          2
 Scorch                   Fire           40%        2d7       9%          2
 Searing Ray              Conj           40%        2d5       9%          2
 Summon Forest            Summ/Tloc      29%        N/A       12%         5
 Spider Form              Tmut/Pois      24%        N/A       13%         3
 Ignite Poison            Fire/Tmut/Pois 23%        N/A       14%         3
 Frozen Ramparts          Ice            40%        1d7       16%         3
 Vampiric Draining        Necr           20%        2d7       16%         3
 Anguish                  Hex/Necr       19%        N/A       19%         4
 Fulminant Prism          Conj/Hex       19%        3d11      19%         4
 Leda's Liquefaction      Hex/Erth       19%        N/A       19%         4
 Ice Form                 Ice/Tmut       24%        N/A       36%         4
 Yara's Violent Unravell  Hex/Tmut       21%        3d10      36%         5
 Dispel Undead            Necr           20%        3d11      45%         4
 Flame Wave               Conj/Fire      20%        2d7       45%         4
 Sticky Flame             Conj/Fire      20%        2d4       45%         4
 Freezing Cloud           Conj/Ice/Air   18%        6-21      45%         5
 Blade Hands              Tmut           14%        N/A       61%         5
 Fireball                 Conj/Fire      10%        3d6       78%         5
 Manifold Assault         Tloc           20%        N/A       78%         5
 Enfeeble                 Hex            26%        N/A       99%         7
 Starburst                Conj/Fire      10%        6d5       100%        6
 Storm Form               Tmut/Air       24%        N/A       100%        7
 Ignition                 Fire           10%        3d5       100%        8
 Portal Projectile        Hex/Tloc       Unusable   N/A       N/A         3

Dungeon Overview and Level Annotations

Branches:
Dungeon (10/15)            Temple (1/1) D:6            Lair (5/5) D:8
 Shoals (0/4) Lair:3       Spider (1/4) Lair:2        Slime (0/5) Lair:5
    Orc (2/2) D:9             Elf (0/3) Orc:2       Ossuary (visited)

Altars:
Ashenzari
Cheibriados
Dithmenos
Elyvilon
Fedhas
Gozag
Hepliaklqana
Kikubaaqudgha
Makhleb
Nemelex Xobeh
Okawaru
Qazlal
Ru
Sif Muna
Trog
Uskayaw
Vehumet
Wu Jian
Xom
Yredelemnul
Zin
The Shining One

Shops:
Orc:2 (*[:(

Annotations:
Spider:1 Mlioglotl


Innate Abilities, Weirdness & Mutations

You have sharp claws.
You have razor-sharp teeth.
You have supernaturally acute eyesight. (SInv)
You cover ground quickly. (Speed+)
Your thick and shaggy fur keeps you warm. (AC +3, rC+)
Your paws help you pounce on unaware monsters.
You are incapable of wielding weapons or throwing items.
You cannot wear armour.
You gain extra lives every three experience levels.
You have a pair of small horns on your head.
Your spells are a little harder to cast, but a little more powerful.


Message History

The quasit bites your mana viper but does no damage.
The quasit claws your mana viper but does no damage.
The quasit claws your mana viper.
Your mana viper barely misses the quasit.
The small abomination hits you! Mlioglotl completely misses you.
Mlioglotl misses you.
The small abomination completely misses you.
The starspawn tentacle moves out of view.
You scratch the small abomination but do no damage.
The small abomination is lightly damaged.
The quasit misses your mana viper.
The quasit claws your mana viper but does no damage.
The quasit claws your mana viper.
Your mana viper barely misses the quasit.
The flying skull closely misses you. Mlioglotl completely misses you. x2
The small abomination barely misses you.
The small abomination completely misses you.
The flying skull misses you. The quasit bites your mana viper.
The quasit barely misses your mana viper.
The quasit claws your mana viper but does no damage.
Your cactus giant hits the flying skull with a +0 giant spiked club!
Your mana viper misses the quasit.
You barely miss the small abomination.
The small abomination is lightly damaged.
The guardian serpent casts a spell at you.
The bolt of poison misses you.
Mlioglotl churns violently!
Mlioglotl corrupts the dungeon around him!
The small abomination completely misses you.
The flying skull completely misses you.
Your mana viper closely misses the quasit.
The guardian serpent casts a spell at you.
The bolt of poison hits you!!
You are poisoned.
* * * LOW HITPOINT WARNING * * *
The quasit barely misses your mana viper. x2
The quasit claws your mana viper but does no damage.
Mlioglotl barely misses you. Mlioglotl tramples you!!
You die...
Your body crumbles into a pile of gold.

....≈~≈≈≈.....##...# #####
....≈≈≈~~~....#....###.^.#
.....≈~≈.........^..#....#
##.(..~~...........#.....#
##....................#.#
##.............#......##
##......".../...#...##
##.........##x.#....###
##..##....x@XX.......#
##......Sz#S........#
##..#..C5─....#...##
####.#......###..#
##....#.###X.### ##..####
##...## #### ####..Z.##
......§...###
.#...####...##


You could see Mlioglotl (strong, unable to see you), a tentacled starspawn
(summoned, unable to see you), a guardian serpent (summoned), 2 small
abominations, a flying skull (summoned, unable to see you, ally target), a
quasit (summoned, unable to see you, ally target), a friendly mana viper
(summoned) and a friendly cactus giant (summoned).

Vanquished Creatures
  An unseen horror (D:7)
  4 electric eels
  A bullfrog skeleton (D:6)
  A hound (D:4)
  An orc wizard (Orc:2)
  2 orcs (Orc:2)
  An endoplasm (D:4)
  2 giant cockroaches (D:1)
  A goblin (D:1)
  A hobgoblin (D:4)
  A quokka (D:1)
16 creatures vanquished.

Vanquished Creatures (collateral kills)
  Nikola (Spider:1)
  An orc warlord (Orc:2)
  A ghost moth (Spider:1)
  5 hydras
  A catoblepas (Lair:5)
  A radroach (Spider:1)
  A two-headed ogre (Orc:1)
  5 death yaks (Lair:5)
  3 orc high priests
  The ghost of lotum the Fighter, a novice DjWr of the Shining One (D:8)
  A deep troll shaman (Lair:5)
  A sun moth (Spider:1)
  A steelbarb worm (Spider:1)
  5 orc knights (Orc:2)
  2 lindwurms
  5 wolf spiders (Spider:1)
  4 orc sorcerers (Orc:2)
  A necromancer (Lair:2)
  4 nameless horrors
  4 black mambas
  7 elephants
  A torpor snail (Spider:1)
  2 demonic crawlers (Spider:1)
  Psyche (D:8)
  10 cane toads
  4 komodo dragons
  A rime drake (Lair:2)
  2 polar bears
  A queen bee (Lair:1)
  5 trolls
  5 tarantellas (Spider:1)
  A hornet (D:9)
  A snapping turtle (Lair:3)
  7 blink frogs
  5 jumping spiders (Spider:1)
  3 culicivoras (Spider:1)
  Sigmund (D:6)
  3 basilisks
  9 yaks
  7 wyverns
  2 steam dragons
  9 redbacks (Spider:1)
  A warg (D:8)
  15 water moccasins
  A hornet zombie (D:6)
  25 orc warriors
  An ice beast (D:7)
  3 black bears
  3 ogres (Orc:1)
  23 wolves
  3 centaurs
  An elf zombie (Ossuary)
  A phantom (D:6)
  10 bullfrogs
  A necrophage (D:5)
  2 scorpions
  10 wights
  33 killer bees
  3 howler monkeys
  A bullfrog zombie (D:6)
  2 centaur zombies
  4 hounds
  A human zombie (Ossuary)
  13 jellies
  22 orc priests
  A centaur skeleton (D:6)
  A bullfrog skeleton (D:6)
  18 orc wizards
  5 iguanas
  2 polar bear simulacra (Lair:2)
  2 yak simulacra (Lair:2)
  5 wolf simulacra (Lair:2)
  2 mummies (Ossuary)
  A howler monkey zombie (D:6)
  4 gnolls (D:4)
  A howler monkey skeleton (D:6)
  A river rat (D:4)
  7 adders
  A shadow imp (D:5)
  A white imp (D:6)
  2 ufetubi
  6 worms
  A dart slug (D:1)
  74 orcs
  4 ball pythons
  11 endoplasms
  2 giant cockroaches
  7 goblins
  7 hobgoblins
  9 jackals
  8 kobolds
  9 quokkas
  6 bats
  5 frilled lizards
  A goblin zombie (Ossuary)
  12 hobgoblin zombies (Ossuary)
  2 jackal zombies (Ossuary)
  13 kobold zombies (Ossuary)
  4 orc zombies (Ossuary)
  30 rats
  2 rat zombies (Ossuary)
  2 river rat simulacra (Lair:2)
583 creatures vanquished.

Vanquished Creatures (others)
  A boulder beetle (Spider:1)
  A radroach (Spider:1)
  Pikel (D:8)
  A demonic crawler (Spider:1)
  A tarantella (Spider:1)
  A dancing weapon (Orc:2)
  7 yaks
  A steam dragon (D:6)
  3 redbacks (Spider:1)
  A warg (D:8)
  An orc warrior (Orc:2)
  An ice beast (D:5)
  A centaur (D:7)
  2 scorpions
  2 wights
  An orc priest (D:5)
  2 orc wizards
  A shadow imp (D:7)
  A white imp (D:7)
  8 orcs
  3 goblins (D:7)
  19 fungi
  72 plants
  2 starspawn tentacles (Spider:1)
  3 withered plants (D:6)
137 creatures vanquished.

Grand Total: 736 creatures vanquished

Notes
Turn   | Place    | Note
-------+----------+-------------------------------------------
     0 | D:1      | croobank the Felid Summoner began the quest for the Orb.
     0 | D:1      | Reached XP level 1. HP: 7/7 MP: 4/4
   263 | D:1      | Reached skill level 3 in Dodging
   263 | D:1      | Reached XP level 2. HP: 12/12 MP: 6/6
   266 | D:1      | Learned a level 2 spell: Call Imp
   661 | D:1      | Reached skill level 1 in Fighting
   795 | D:1      | Reached XP level 3. HP: 15/15 MP: 3/7
  1383 | D:2      | Learned a level 3 spell: Call Canine Familiar
  2561 | D:3      | Reached XP level 4. HP: 17/19 MP: 1/8
  2835 | D:3      | Found a blossoming altar of Fedhas.
  3893 | D:3      | Found a faded altar of an unknown god.
  3947 | D:4      | Reached skill level 4 in Dodging
  4035 | D:4      | Reached XP level 5. HP: 22/22 MP: 0/10
  4039 | D:4      | Learned a level 3 spell: Summon Guardian Golem
  4197 | D:4      | Reached skill level 1 in Hexes
  4656 | D:4      | Gained mutation: You are covered in thick fur. (AC +2)
                  | [Felid growth]
  4656 | D:4      | Reached XP level 6. HP: 27/27 MP: 3/11
  5006 | D:4      | Reached skill level 5 in Summonings
  5148 | D:4      | Found an ornate altar of the Wu Jian Council.
  5397 | D:4      | Found a sparkling altar of Nemelex Xobeh.
  6263 | D:5      | Entered Level 5 of the Dungeon
  6265 | D:5      | Noticed an ice beast
  6282 | D:5      | Killed an ice beast
  6283 | D:5      | Reached skill level 5 in Dodging
  6491 | D:5      | Reached XP level 7. HP: 31/31 MP: 4/13
  6566 | D:5      | Learned a level 4 spell: Summon Lightning Spire
  7116 | D:5      | Found a white marble altar of Elyvilon.
  7158 | D:5      | Found a shimmering blue altar of Sif Muna.
  7450 | D:5      | Reached skill level 1 in Air Magic
  8310 | D:6      | Noticed a steam dragon
  8351 | D:6      | Killed a steam dragon
  8352 | D:6      | Reached skill level 6 in Dodging
  8352 | D:6      | Reached XP level 8. HP: 30/36 MP: 2/15
  8476 | D:6      | Reached skill level 5 in Hexes
  8500 | D:6      | Reached skill level 7 in Dodging
  8840 | D:6      | Reached skill level 5 in Spellcasting
  8845 | D:6      | Reached skill level 5 in Fighting
  8985 | D:6      | Noticed Sigmund
  9002 | D:6      | Killed Sigmund
  9003 | D:6      | Reached XP level 9. HP: 40/40 MP: 8/17
  9131 | D:6      | Found a staircase to the Ecumenical Temple.
  9145 | Temple   | Entered the Ecumenical Temple
  9311 | Temple   | Became a worshipper of Gozag Ym Sagoz the Greedy
 10393 | D:7      | Found a sand-covered staircase.
 10421 | D:7      | Found a flagged portal.
 10518 | D:7      | Reached skill level 8 in Dodging
 10676 | Ossuary  | Entered an ossuary
 11355 | D:7      | Found a broken altar of Ashenzari.
 11424 | D:7      | Learned a level 6 spell: Summon Cactus Giant
 11485 | D:7      | Noticed an unseen horror
 11518 | D:7      | Killed an unseen horror
 11778 | D:7      | Reached XP level 10. HP: 40/45 MP: 20/20
 11884 | D:7      | Noticed a moth of wrath
 11887 | D:7      | Found a bloodstained altar of Trog.
 12534 | D:8      | Reached skill level 9 in Dodging
 12541 | D:8      | Noticed Psyche
 12570 | D:8      | Killed Psyche
 12571 | D:8      | Reached skill level 5 in Air Magic
 12691 | D:8      | Found a staircase to the Lair.
 12709 | D:8      | Identified a scroll of acquirement
 12709 | D:8      | Acquired 854 gold pieces
 12766 | D:8      | Noticed Pikel
 12800 | D:8      | Killed Pikel
 13345 | D:8      | Noticed lotum's ghost (novice DjWr)
 13346 | D:8      | Found a runed translucent gate.
 13346 | D:8      | Found a runed translucent gate.
 13346 | D:8      | Found a runed translucent gate.
 13347 | D:8      | Noticed a ten-headed hydra
 13684 | D:8      | Killed lotum's ghost
 13684 | D:8      | Killed a ten-headed hydra
 13827 | D:8      | Identified the +9 scimitar of the Turnip {freeze, +Blink
                  | Str-2 Stlth+}
 13873 | D:9      | Slain by a hornet
 13874 | D:9      | Reached XP level 9. HP: -3/43 MP: 13/20
 13874 | D:9      | Found a radiant altar of Vehumet.
 13922 | D:9      | Reached skill level 10 in Dodging
 13922 | D:9      | Reached XP level 10. HP: 47/47 MP: 19/21
 14509 | D:9      | Found a staircase to the Orcish Mines.
 14524 | D:9      | Identified the +2 pair of gloves of Ykhlex {Regen+}
 15540 | D:10     | Entered Level 10 of the Dungeon
 15541 | D:10     | Noticed a two-headed ogre
 15583 | Lair:1   | Entered Level 1 of the Lair of Beasts
 15626 | Lair:1   | Noticed a cane toad
 15632 | Lair:1   | Slain by a cane toad
 15633 | Lair:1   | Reached XP level 9. HP: -4/43 MP: 12/21
 15633 | Lair:1   | Noticed a cane toad
 15650 | Lair:1   | Killed a cane toad
 15743 | Lair:1   | Killed a cane toad
 15786 | Lair:1   | Learned a level 3 spell: Tukima's Dance
 16181 | Lair:1   | Reached XP level 10. HP: 48/48 MP: 22/22
 16251 | Lair:1   | Reached skill level 10 in Summonings
 17052 | Lair:1   | Noticed a black mamba
 17062 | Lair:1   | Killed a black mamba
 17070 | Lair:1   | Reached skill level 11 in Dodging
 17580 | Lair:2   | Noticed a cane toad
 17585 | Lair:2   | Killed a cane toad
 17595 | Lair:2   | Noticed a cane toad
 17607 | Lair:2   | Killed a cane toad
 17765 | Lair:2   | Found a hole to the Spider Nest.
 17787 | Lair:2   | Noticed a seven-headed hydra
 17819 | Lair:2   | Killed a seven-headed hydra
 17844 | Lair:2   | Reached XP level 11. HP: 52/52 MP: 20/24
 18116 | Lair:2   | Found a dark tunnel.
 18116 | Lair:2   | Noticed a lindwurm
 18131 | Lair:2   | Killed a lindwurm
 18248 | Lair:2   | Noticed a necromancer
 18256 | Lair:2   | Killed a necromancer
 18490 | Lair:2   | Noticed a six-headed hydra
 18499 | Lair:2   | Killed a six-headed hydra
 18500 | Lair:2   | Reached skill level 12 in Dodging
 19047 | Lair:3   | Noticed a nameless horror
 19056 | Lair:3   | Killed a nameless horror
 19276 | Lair:3   | Gained mutation: Your spells are a little harder to cast,
                  | but a little more powerful. [potion of mutation]
 19276 | Lair:3   | Gained mutation: Your spells are harder to cast, but more
                  | powerful. [potion of mutation]
 19276 | Lair:3   | Gained mutation: You expend magic power (3 MP) to
                  | strengthen your wands. [potion of mutation]
 19276 | Lair:3   | Gained mutation: You have hidden genetic potential. [potion
                  | of mutation]
 19277 | Lair:3   | Lost mutation: Your spells are harder to cast, but more
                  | powerful. [potion of mutation]
 19277 | Lair:3   | Lost mutation: You expend magic power (3 MP) to strengthen
                  | your wands. [potion of mutation]
 19277 | Lair:3   | Gained mutation: You have a pair of small horns on your
                  | head. [potion of mutation]
 19277 | Lair:3   | Lost mutation: You have hidden genetic potential. [potion
                  | of mutation]
 19879 | Lair:3   | Found a staircase to the Shoals.
 19923 | Lair:4   | Found a shimmering altar of Xom.
 20148 | Lair:4   | Gained mutation: Your thick and shaggy fur keeps you warm.
                  | (AC +3, rC+) [Felid growth]
 20148 | Lair:4   | Reached XP level 12. HP: 58/58 MP: 26/26
 20226 | Lair:4   | Reached skill level 13 in Dodging
 20573 | Lair:4   | Reached skill level 10 in Fighting
 20905 | Lair:5   | Entered Level 5 of the Lair of Beasts
 20927 | Lair:5   | Identified the +10 spear of Xixell {vorpal, rN+ SInv}
 20988 | Lair:5   | Noticed a six-headed hydra
 21006 | Lair:5   | HP: 2/58 [six-headed hydra (7)]
 21009 | Lair:5   | Killed a six-headed hydra
 21857 | Lair:5   | Noticed a death yak
 21868 | Lair:5   | Killed a death yak
 21869 | Lair:5   | Reached skill level 10 in Spellcasting
 21882 | Lair:5   | Noticed a death yak
 21883 | Lair:5   | Noticed a death yak
 21883 | Lair:5   | Noticed a death yak
 21883 | Lair:5   | Noticed a death yak
 21883 | Lair:5   | Noticed a catoblepas
 21888 | Lair:5   | Killed a death yak
 21924 | Lair:5   | Killed from afar by a catoblepas
 21925 | Lair:5   | Reached XP level 11. HP: -1/55 MP: 28/35
 21925 | Lair:5   | Noticed a six-headed hydra
 21938 | Lair:5   | Killed a six-headed hydra
 21975 | Lair:5   | Killed a catoblepas
 21976 | Lair:5   | Reached skill level 14 in Dodging
 21981 | Lair:5   | Killed a death yak
 22153 | Lair:5   | Reached XP level 12. HP: 59/59 MP: 27/27
 22212 | Lair:5   | Found a staircase to the Slime Pits.
 22344 | Lair:5   | Noticed a deep troll shaman
 22349 | Lair:5   | Killed a deep troll shaman
 22372 | Lair:5   | Killed a death yak
 22375 | Lair:5   | Killed a death yak
 22582 | Lair:5   | Identified the +0 cloak of Feasting {SInv}
 22767 | Orc:1    | Entered Level 1 of the Orcish Mines
 22844 | Orc:1    | Noticed a two-headed ogre
 22849 | Orc:1    | Killed a two-headed ogre
 23149 | Orc:2    | Entered Level 2 of the Orcish Mines
 23580 | Orc:2    | Found Lutidghex's Firing Range.
 23848 | Orc:2    | Found a staircase to the Elven Halls.
 23916 | Orc:2    | Noticed an orc high priest
 23934 | Orc:2    | Killed an orc high priest
 23948 | Orc:2    | Paralysed by an orc sorcerer for 4 turns
 24052 | Orc:1    | Noticed an orc warlord
 24245 | Orc:2    | Noticed an orc high priest
 24248 | Orc:2    | Noticed an orc warlord
 24376 | Orc:1    | Killed an orc high priest
 24646 | Orc:2    | Killed an orc warlord
 24647 | Orc:2    | Reached skill level 15 in Dodging
 24731 | Orc:2    | Reached XP level 13. HP: 63/63 MP: 28/28
 25268 | Orc:2    | Killed from afar by an orc sorcerer
 25269 | Orc:2    | Reached XP level 12. HP: 0/56 MP: 25/37
 25478 | Orc:2    | Found Hylips's General Store.
 25479 | Orc:2    | Found Qechoc's Book Boutique.
 25481 | Orc:2    | Found Qaatyxzy's Antique Armour Boutique.
 25481 | Orc:2    | Found Peyblokhla's Antique Weapon Shop.
 25487 | Orc:2    | Bought a book of the Wilderness for 494 gold pieces
 25487 | Orc:2    | Bought an Inescapable Atlas for 442 gold pieces
 25493 | Orc:2    | Learned a level 5 spell: Summon Mana Viper
 25494 | Orc:2    | Bought a scroll of teleportation for 42 gold pieces
 25728 | Spider:1 | Entered Level 1 of the Spider Nest
 25738 | Spider:1 | Noticed Nikola
 25745 | Spider:1 | Noticed a boulder beetle
 25764 | Spider:1 | Noticed a radroach
 25773 | Spider:1 | Killed a boulder beetle
 25773 | Spider:1 | Killed a radroach
 25774 | Spider:1 | Killed Nikola
 25811 | Spider:1 | Noticed a radroach
 25831 | Spider:1 | Killed a radroach
 26220 | Spider:1 | Noticed a ghost moth
 26253 | Spider:1 | Killed a ghost moth
 26318 | Spider:1 | Reached XP level 13. HP: 64/64 MP: 29/29
 26368 | Spider:1 | Reached skill level 16 in Dodging
 26368 | Spider:1 | Reached skill level 1 in Transmutations
 26397 | Spider:1 | Identified the +3 rapier of the Kidney {pain, +Blink rF-
                  | SInv}
 26563 | Spider:1 | Noticed Mlioglotl
 26870 | Spider:1 | Noticed a tentacled starspawn
 26879 | Spider:1 | Mangled by Mlioglotl

Illustrated notes

Levels and vault maps discovered:
D:1:      shiori_arrival_elements, layout_basic, st_stairs_2, nicolae_wormholes
D:2:      layout_basic
D:3:      layout_basic, fedhas_altar_3, shapermc_ecumenical_altar_hornbeckon
D:4:      layout_loops_ring, nemelex_dance_club_becter, lemuel_tele_altar,
          gup_sewer_entry_bubbles, serial_bayou_pond_c, minmay_rat_hole
D:5:      layout_loops_corners, nicolae_sif_muna_little_library,
          elyvilon_altar_3, kennysheep_crisscross,
          nicolae_concentric_dashed_squares_mild
D:6:      layout_loops_ring, minmay_temple_entry_tees, serial_undead,
          serial_undead_d, serial_undead_c, serial_undead_f, serial_undead_b,
          kennysheep_generic_room_2, uniq_sigmund
D:7:      layout_rooms, mainiacjoe_overflow_alcove_4, tgw_trog,
          nicolae_ossuary_entry_ruins, enter_bailey_5
D:8:      layout_basic, erik_lair_orcish_takeover, gammafunk_ghost_hydra_chop,
          uniq_pikel, uniq_psyche
D:9:      layout_layer_cave, nicolae_vehumet_radiance, hiddenorc1_lemuel,
          corexii_checkpoint_a
D:10:     layout_basic, nicolae_two_hexagons, uniq_harold
Temple:   dpeg_chambers_temple
Lair:1:   layout_hall_layers, special_room [special_room_bee],
          serial_bayou_lagoon_a
Lair:2:   layout_regular_city, spider_nest_entry_web_field,
          nicolae_volcano_entry_vermiform, eino_house_with_fridge
Lair:3:   layout_chaotic_city, minmay_shoals_entry_hut
Lair:4:   layout_roguey, basic_altar, serial_bayou_shore_b
Lair:5:   grunt_lair_end_beastmaster, layout_gridlike,
          minmay_slime_entry_jelly_boxes, infiniplex_staircase_pool_2
Spider:1: layout_spider_delve, uniq_mlioglotl, uniq_nikola
Orc:1:    layout_diamond_mine, minmay_orc_treasury, uniq_fannar
Orc:2:    st_orc_congregation, layout_diamond_mine, abandoned_shop,
          nicolae_shop_firing_range

Skill      XL: |  1  2  3  4  5  6  7  8  9 10 11 12 13 |
---------------+----------------------------------------+-----
Dodging        | 3 4 5 6 7 10 11 14 15 16 | 16.0
Fighting       | 1 2 3 4 5 6 8 9 12 | 12.3
Spellcasting   | 3 4 5 6 8 9 10 11 | 11.6
Hexes          | 1 3 4 5 |  5.0
Summonings     | 5 6 7 10 12 | 12.5
Air Magic      | 2 3 6 7 |  7.1
Transmutations | 1 |  1.1
Stealth        | |  2.7

Action                   |  1- 3 |  4- 6 |  7- 9 | 10-12 | 13-15 || total
-------------------------+-------+-------+-------+-------+-------++-------
Melee: Unarmed           |    13 |     8 |    22 |    52 |     6 ||   101
       Bite              |     2 |     1 |     2 |     6 |     1 ||    12
       Punch             |       |       |     2 |     1 |     1 ||     4
       Headbutt          |       |       |       |    12 |       ||    12
 Cast: Summon Small Mamm |    62 |    52 |    42 |    26 |     2 ||   184
       Call Imp          |    18 |    20 |    17 |    17 |       ||    72
       Call Canine Famil |     7 |    36 |    35 |    62 |     4 ||   144
       Summon Guardian G |       |     3 |    25 |    29 |       ||    57
       Summon Lightning  |       |       |    22 |   126 |     6 ||   154
       Summon Cactus Gia |       |       |       |    68 |    11 ||    79
       Tukima's Dance    |       |       |       |    30 |     9 ||    39
       Summon Mana Viper |       |       |       |    11 |     7 ||    18
Invok: Potion Petition   |       |       |       |     5 |       ||     5
Evoke: Wand              |       |       |     5 |     8 |     1 ||    14
       Phantom mirror    |       |       |       |       |     1 ||     1
  Use: Potion            |     1 |       |     4 |    14 |     3 ||    22
       Scroll            |     5 |     7 |     6 |    16 |     1 ||    35
 Stab: Sleeping          |       |     2 |       |       |       ||     2
Armor: Skin              |     4 |       |     2 |    10 |     1 ||    17
Dodge: Dodged            |    26 |    22 |    62 |   243 |    88 ||   441
